 Dungeon Crawl Stone Soup version 0.28.0-53-g5a82cb258f (webtiles) character file.

Game seed: 3915503717920641649

401 Sin92 the Skirmisher (level 6, -7/48 HPs)
             Began as a Demonspawn Fighter on June 7, 2022.
             Mangled by an iguana (12 damage)
             ... on level 3 of the Dungeon.
             The game lasted 00:04:49 (3912 turns).

Sin92 the Skirmisher (Demonspawn Fighter)           Turns: 3912, Time: 00:04:50

Health: -7/48      AC:  7    Str: 17    XL:     6   Next: 54%
Magic:  6/6        EV:  8    Int:  9    God:
Gold:   77         SH: 14    Dex: 14    Spells: 5/5 levels left

rFire   . . .      SeeInvis .   a - +0 war axe
rCold   . . .      Faith    .   e - +1 kite shield
rNeg    . . .      Spirit   .   b - +0 scale mail
rPois   .          Reflect  .   h - +1 hat
rElec   .          Harm     .   (no cloak)
rCorr   .          Rampage  .   (no gloves)
Will    .....                   (no boots)
Stlth   ..........              (no amulet)
HPRegen 0.16/turn               (no ring)
MPRegen 0.10/turn               (no ring)

@: no status effects
A: hooves 1, condensation shield
a: no special abilities


You were on level 3 of the Dungeon.
You visited 1 branch of the dungeon, and saw 3 of its levels.

You collected 77 gold pieces.

Inventory:

Hand Weapons
 a - a +0 war axe (weapon)
Armour
 b - a +0 scale mail (worn)
 c - a +0 buckler
 e - a +1 kite shield (worn)
 h - a +1 hat (worn)
Jewellery
 g - an amulet of magic regeneration
Scrolls
 f - 2 scrolls of identify
 i - 2 scrolls of teleportation


   Skills:
 + Level 4.1 Fighting
 * Level 4.0 Axes
 + Level 3.6 Armour
 + Level 2.2 Dodging
 + Level 3.6 Shields


You had 5 spell levels left.
You didn't know any spells.
Your spell library was empty.

Dungeon Overview and Level Annotations

Branches:
Dungeon (3/15)

Altars:
Elyvilon
Gozag
Vehumet

Shops:
D:1 !


Innate Abilities, Weirdness & Mutations

You have large cloven feet.
A meltable shield of frost defends you. (SH +4)


Message History

The iguana hisses angrily.
You block the adder's attack.
You miss the adder. You kick the adder.
The adder is heavily wounded.
You miss the frilled lizard.
An adder comes into view.
The adder bites you. You block the frilled lizard's attack.
The adder bites you. You block the frilled lizard's attack.
You miss the adder.
The adder hisses angrily.
You kick the adder.
You kill the adder!
You hit the frilled lizard.
You kill the frilled lizard!
Your Axes skill increases to level 4!
You hit the iguana. Your kick misses the iguana.
The iguana is moderately wounded.
The iguana bites you. The iguana bites you!
* * * LOW HITPOINT WARNING * * *
You hit the iguana. Your kick misses the iguana.
The iguana is severely wounded.
You block the iguana's attack.
Unknown command.
You hit the iguana but do no damage. You kick the iguana, but do no damage.
The iguana is severely wounded.
You hit the adder. You block the adder's attack. The iguana closely misses you.
The adder bites you but does no damage. The iguana misses you.
Unknown command.
You hit the iguana but do no damage. You kick the iguana, but do no damage.
The iguana is severely wounded.
You hit the adder. You block the adder's attack. The iguana bites you.
* * * LOW HITPOINT WARNING * * *
You block the adder's attack.
Unknown command.
You aren't carrying any potions.
You hit the adder.
The adder is severely wounded.
You hit the iguana but do no damage. You block the adder's attack.
The iguana bites you!
You die...

.## ## ..# # #.
#.#### <. #.##.#..
..#.##.#....
#.....S..#.# #####
#.l@.#.###....#
#...##..........#
......#####.......#
.#.. #.......#....#
#.. #.####)#######
#. #)# .. # #.##.#
##....# #..#######


You could see an iguana and an adder.

Vanquished Creatures
  Sigmund (D:2)
  Natasha (thrice) (D:2)
  Robin (D:2)
  5 gnolls
  4 adders
  A worm (D:2)
  A dart slug (D:1)
  6 ball pythons
  5 bats
  8 endoplasms
  A giant cockroach (D:1)
  16 goblins
  6 hobgoblins
  3 jackals (D:3)
  4 kobolds
  A quokka (D:1)
  3 frilled lizards
  4 rats
73 creatures vanquished.

Vanquished Creatures (others)
  A demonic plant (D:2)
1 creature vanquished.

Grand Total: 74 creatures vanquished

Notes
Turn   | Place    | Note
-------+----------+-------------------------------------------
     0 | D:1      | Sin92 the Demonspawn Fighter began the quest for the Orb.
     0 | D:1      | Reached XP level 1. HP: 18/18 MP: 1/1
   263 | D:1      | Gained mutation: You have large cloven feet. [demonic
                  | ancestry]
   263 | D:1      | Reached XP level 2. HP: 24/24 MP: 2/2
   954 | D:1      | Gained mutation: A meltable shield of frost defends you.
                  | (SH +4) [demonic ancestry]
   954 | D:1      | Reached XP level 3. HP: 24/29 MP: 3/3
  1015 | D:1      | Found Rulauw's Distillery.
  1227 | D:2      | Found an opulent altar of Gozag.
  1260 | D:2      | Reached skill level 1 in Dodging
  1739 | D:2      | Found a faded altar of an unknown god.
  1762 | D:2      | Reached XP level 4. HP: 35/35 MP: 4/4
  1803 | D:2      | Noticed Robin
  1820 | D:2      | Killed Robin
  2152 | D:2      | Noticed Natasha
  2450 | D:2      | Killed Natasha
  2651 | D:2      | Noticed Sigmund
  2666 | D:2      | Killed Sigmund
  2667 | D:2      | Reached XP level 5. HP: 15/42 MP: 5/5
  2667 | D:2      | Reached XP level 6. HP: 18/48 MP: 6/6
  3163 | D:2      | Noticed Natasha
  3168 | D:2      | Killed Natasha
  3656 | D:2      | Noticed Natasha
  3673 | D:2      | Killed Natasha
  3770 | D:3      | Found a radiant altar of Vehumet.
  3912 | D:3      | Mangled by an iguana

Illustrated notes

Levels and vault maps discovered:
D:1:      nicolae_arrival_washed_ashore, layout_basic, serial_curves,
          eino_curves_02, eino_curves_02, eino_curves_01, eino_curves_01,
          serial_shops, shop, minmay_small_reverse_x
D:2:      layout_loops_corners, basic_altar,
          dreamdust_ecumenical_altar_sealed_demon, uniq_robin, uniq_sigmund,
          uniq_natasha
D:3:      layout_rooms, mainiacjoe_overflow_large_starburst

Skill      XL: |  1  2  3  4  5  6 |
---------------+-------------------+-----
Axes           | 2 3 4 |  4.0
Dodging        | 1 2 |  2.2
Shields        | 3 |  3.6
Armour         | 3 |  3.6
Fighting       | 4 |  4.1

Action                   |  1- 3 |  4- 6 || total
-------------------------+-------+-------++-------
Melee: War axe           |    77 |   105 ||   182
       Kick              |    10 |    25 ||    35
  Use: Scroll            |     2 |     1 ||     3
       Potion            |       |     2 ||     2
Armor: Scale mail        |    22 |    51 ||    73
Dodge: Dodged            |    33 |    51 ||    84
Block: Buckler           |    29 |    26 ||    55
       Kite shield       |       |    56 ||    56
